 Dungeon Crawl Stone Soup version 0.17.1-2-g5865329 (webtiles) character file.

1401 LuTze the Fighter (level 8, -3/63 HPs)
             Began as a Gargoyle Fighter on Jan 31, 2016.
             Killed by divine providence
             ... invoked by an orc priest
              (16 damage)
             ... on level 6 of the Dungeon.
             The game lasted 00:10:07 (5267 turns).

LuTze the Fighter (Gargoyle Fighter)                Turns: 5267, Time: 00:10:07

Health: -3/63      AC: 12    Str: 21    XL:     8   Next: 69%
Magic:  8/8        EV:  8    Int: 10    God:
Gold:   339        SH: 12    Dex:  9    Spells: 0 memorised, 7 levels left

rFire  + . .     SeeInvis .     r - +2 long sword (holy)
rCold  . . .     Clarity  .     b - +0 scale mail
rNeg   + . .     SustAt   .     f - +2 shield
rPois  ∞         Gourm    .     (no helmet)
rElec  +         Spirit   .     (no cloak)
rCorr  .         Warding  .     (no gloves)
rMut   .         Stasis   .     (no boots)
MR     .....                    (no amulet)
Stlth  ..........               E - ring of protection from fire
                                k - ring of wizardry

@: not resistant to hostile enchantments, extremely unstealthy
A: negative energy resistance 1, electricity resistance, unbreathing,
petrification resistance, rot immunity, AC +5
a: no special abilities


You were on level 6 of the Dungeon.
You were not hungry.

You visited 1 branch of the dungeon, and saw 6 of its levels.
You also visited: Sewer.

You collected 339 gold pieces.

Inventory:

Hand Weapons
 c - a +0 spear of piercing
 r - a +2 long sword of holy wrath (weapon)
Armour
 b - a +0 scale mail (worn)
 f - a +2 shield (worn)
Jewellery
 k - a ring of wizardry (left hand)
 E - a ring of protection from fire (right hand)
Wands
 w - a wand of polymorph (17)
 F - a wand of slowing (24)
Scrolls
 g - 3 scrolls of teleportation
 h - 2 scrolls of enchant weapon
 l - 6 scrolls of remove curse
 m - 2 scrolls of noise {unknown}
 q - a scroll of blinking {unknown}
 u - 2 scrolls of immolation {unknown}
 x - a scroll of fog {unknown}
 y - a scroll of fear {unknown}
 B - 3 scrolls of recharging {unknown}
Potions
 a - 3 potions of flight
 d - a potion of might
 i - 2 potions of lignification
 j - 8 potions of curing
 o - 2 potions of magic
 p - a potion of ambrosia
 s - a potion of resistance
 v - a potion of heal wounds
 C - a potion of agility
 D - a potion of haste {unknown}
Comestibles
 e - 5 bread rations
 n - 2 fruits
 t - a slice of pizza
 z - a royal jelly
 A - a meat ration
 G - 3 chunks of flesh


   Skills:
 * Level 13.6 Fighting
 + Level 3.1 Long Blades
 * Level 5.1 Armour
 + Level 2.6 Dodging
 + Level 5.2 Shields


You had 7 spell levels left.
You didn't know any spells.

Dungeon Overview and Level Annotations

Branches:
Dungeon (6/15)
 Temple: D:4-7

Altars:
Sif Muna
Trog


Innate Abilities, Weirdness & Mutations

You are resistant to torment.
Your stone body is resilient (AC +5).
You are immune to poison.
You resist negative energy.
You are resistant to electric shocks.
You can survive without breathing.
You are immune to petrification.
You are immune to rotting.


Message History

The orc warrior is severely wounded.
You block the orc warrior's attack.
The orc priest miscasts a cantrip.
You block the orc warrior's attack.
You hit the orc warrior but do no damage.
The orc warrior is severely wounded.
The orc warrior hits you from afar with a halberd!!
The orc warrior hits you with a glaive!
* * * LOW HITPOINT WARNING * * *
The orc warrior barely misses you.
You are too injured to fight recklessly!
You are too injured to fight recklessly!
You block the orc warrior's attack.
The orc priest shouts!
The orc priest mumbles some strange prayers to Beogh against you.
Pain shoots through your body!
* * * LOW HITPOINT WARNING * * *
The orc priest invokes the aid of Beogh against you.
Something smites you!
You die...

# .. ### #.######## #<#
.........## #####.###
###.....?.# #.......#
#<÷.......###..o#.#.#
#$§.#.##).oo..@.....#.#
5.........####......#...#
#####?#.#o.# #......#.###
#...##.# #....[.#.#
...... ..##......#.##
......##.##.........#
......##..#.....##..#
......########(.#
.............o..#


You could see an orc warrior and 2 orc priests.

Vanquished Creatures
  Menkaure (D:5)
  An ice beast (D:6)
  A phantom (D:4)
  A sky beast (D:5)
  A centaur (D:6)
  A big kobold (Sewer)
  A giant frog (D:6)
  2 crimson imps
  A giant frog zombie (D:5)
  3 orc priests
  A jelly (D:6)
  2 orc wizards
  An iguana (D:6)
  Natasha (D:4)
  3 worker ants
  A hound zombie (D:5)
  6 adders
  6 gnolls
  2 river rats (Sewer)
  3 shadow imps (D:5)
  2 worms (D:2)
  A giant gecko (D:2)
  7 orcs
  2 ball pythons (D:3)
  5 giant cockroaches
  4 hobgoblins
  6 jackals
  3 quokkas
  15 bats
  A giant cockroach zombie (D:5)
  4 giant newts
  10 goblins
  A jackal skeleton (D:4)
  16 kobolds
  12 rats
128 creatures vanquished.

Notes
Turn   | Place    | Note
--------------------------------------------------------------
     0 | D:1      | LuTze the Gargoyle Fighter began the quest for the Orb.
     0 | D:1      | Reached XP level 1. HP: 14/14 MP: 1/1
   173 | D:1      | Reached XP level 2. HP: 16/19 MP: 2/2
   367 | D:1      | Reached XP level 3. HP: 21/23 MP: 3/3
   860 | D:2      | Reached skill level 1 in Dodging
  1084 | D:2      | Found a deep blue altar of Sif Muna.
  1261 | D:2      | Reached skill level 4 in Shields
  1261 | D:2      | Reached XP level 4. HP: 24/29 MP: 4/4
  1710 | D:3      | Reached XP level 5. HP: 33/33 MP: 5/5
  1730 | D:3      | Reached skill level 13 in Fighting
  1730 | D:3      | Reached XP level 6. HP: 36/52 MP: 6/6
  2469 | D:4      | Found a bloodstained altar of Trog.
  2556 | D:4      | Found a glowing drain.
  2560 | Sewer    | Entered a sewer
  2570 | Sewer    | Reached XP level 7. HP: 57/57 MP: 7/7
  2678 | Sewer    | Found a glowing silver altar of Zin.
  3232 | D:4      | Noticed Natasha
  3239 | D:4      | Killed Natasha
  3599 | D:5      | Entered Level 5 of the Dungeon
  3687 | D:5      | Noticed Menkaure
  3696 | D:5      | Killed Menkaure
  4276 | D:5      | Reached XP level 8. HP: 60/63 MP: 8/8
  4507 | D:6      | Reached skill level 5 in Shields
  4921 | D:6      | Reached skill level 5 in Armour
  5267 | D:6      | Killed from afar by an orc priest

Action                   |  1- 3 |  4- 6 |  7- 9 || total
-------------------------+-------+-------+-------++-------
Melee: Long sword        |   213 |    90 |   205 ||   508
       Spear             |       |    39 |       ||    39
  Use: Scroll            |       |     8 |     3 ||    11
       Potion            |       |     1 |       ||     1
  Eat: Chunk             |     1 |     5 |     8 ||    14
       Fruit             |       |       |     1 ||     1
